 Dungeon Crawl Stone Soup version 0.31-a0-542-gdc2a67831c (webtiles) character file.

Game seed: 13869838270626478973

777 randomguy2701 the Reanimator (level 7, -4/36 HPs)
             Began as a Deep Elf Necromancer on Aug 14, 2023.
             Was an Initiate of Sif Muna.
             Slain by a gnoll
             ... wielding a +0 halberd
             ... led by a gnoll bouda
              (12 damage)
             ... on level 5 of the Dungeon.
             The game lasted 00:07:50 (4822 turns).

randomguy2701 the Reanimator (Deep Elf Necromancer) Turns: 4822, Time: 00:07:50

Health: -4/36      AC:  2    Str:  5    XL:     7   Next: 54%
Magic:  16/20      EV: 13    Int: 22    God:    Sif Muna [......]
Gold:   193        SH:  0    Dex: 15    Spells: 17/22 levels left

rFire   . . .        c - staff of air
rCold   . . .        (no shield)
rNeg    . . .        a - +0 robe
rPois   .            (no helmet)
rElec   +            (no cloak)
rCorr   .            (no gloves)
SInv    .            (no boots)
Will    .....        p - amulet of the acrobat
Stlth   ++           (no ring)
HPRegen 0.26/turn    (no ring)
MPRegen 0.17/turn

%: acrobat
@: no status effects
A: no striking features
a: Renounce Religion


You were on level 5 of the Dungeon.
You worshipped Sif Muna.
Sif Muna was noncommittal.
You visited 2 branches of the dungeon, and saw 6 of its levels.

You collected 193 gold pieces.

Inventory:

Armour
 a - a +0 robe (worn)
Magical Staves
 c - a staff of air (weapon)
Jewellery
 p - an amulet of the acrobat (around neck)
Scrolls
 e - 3 scrolls of revelation {unknown}
 i - a scroll of poison {unknown}
 j - a scroll of blinking {unknown}
 k - 2 scrolls of immolation {unknown}
 l - a scroll of noise {unknown}
 m - 2 scrolls of identify {unknown}
 n - a scroll of fog {unknown}
 o - 4 scrolls of teleportation {unknown}
 r - 3 scrolls of amnesia {unknown}
 u - a scroll of brand weapon {unknown}
Potions
 b - a potion of magic
 d - a potion of ambrosia {unknown}
 f - a potion of curing
 g - a potion of invisibility {unknown}
 h - 3 potions of might {unknown}
 q - a potion of attraction {unknown}
 s - a potion of heal wounds {unknown}
 t - a potion of haste {unknown}


   Skills:
 + Level 2.7 Dodging
 + Level 2.6 Stealth
 + Level 8.1 Spellcasting
 + Level 8.1 Necromancy
 * Level 2.6 Invocations


You had 17 spell levels left.
You knew the following spells:

 Your Spells              Type           Power      Damage    Failure   Level
a - Necrotise             Necr           100%       1d9       1%          1
b - Vampiric Draining     Necr           44%        2d9       1%          3
c - Sting                 Tmut/Pois      32%        1d4       8%          1

Your spell library contained the following spells:

 Spells                   Type           Power      Damage    Failure   Level
 Animate Dead             Necr           44%        N/A       2%          4
 Agony                    Necr           44%        N/A       8%          5
 Blink                    Tloc           16%        N/A       11%         2
 Poisonous Vapours        Pois/Air       26%        N/A       11%         2
 Scorch                   Fire           16%        2d5       11%         2
 Flame Wave               Conj/Fire      8%         2d5       58%         4
 Manifold Assault         Tloc           8%         N/A       58%         4
 Olgreb's Toxic Radiance  Pois           8%         N/A       58%         4
 Summon Cactus Giant      Summ           4%         N/A       100%        6


Dungeon Overview and Level Annotations

Branches:
Dungeon (5/15)             Temple (1/1) D:4

Altars:
Ashenzari
Dithmenos
Gozag
Hepliaklqana
Kikubaaqudgha
Nemelex Xobeh
Qazlal
Ru
Sif Muna
Trog
Uskayaw
Yredelemnul
Zin

Shops:
D:1 !   D:4 (

Annotations:
D:2 1 runed translucent door, Crazy Yiuf
D:4 1 runed translucent door, Xavori's ghost, weakling OpCK


Message History

Sif Muna accepts your kill.
The dead are walking!
The gnoll hits you from afar with a +0 halberd!
Casting: Necrotise (safe; 1% risk of failure)
Confirm with . or Enter, or press ? or * to list all spells.
Aiming: Necrotise (safe; 1% risk of failure)
Press: ? - help, Shift-Dir - straight line, f - gnoll
Aim: a gnoll, wielding a +0 halberd (lightly wounded, covering ground quickly, chance to affect: 88%)
The gnoll writhes in agony.
The gnoll hits you from afar with a +0 halberd!
Your gnoll skeleton hits the gnoll but does no damage.
An orc comes into view. It is wielding a +0 hand axe.
Casting: Necrotise (safe; 1% risk of failure)
Confirm with . or Enter, or press ? or * to list all spells.
Aiming: Necrotise (safe; 1% risk of failure)
Press: ? - help, Shift-Dir - straight line, f/p - gnoll
Aim: a gnoll, wielding a +0 halberd (moderately wounded, covering ground quickly, chance to affect: 88%)
The gnoll writhes in agony.
Your gnoll skeleton hits the gnoll.
The gnoll hits you from afar with a +0 halberd!
* * * LOW HITPOINT WARNING * * *
Your gnoll skeleton hits the gnoll.
The gnoll hits your gnoll skeleton with a +0 flail.
Your gnoll skeleton hits the gnoll.
The gnoll hits your gnoll skeleton with a +0 flail!
Your gnoll skeleton is destroyed!
The gnoll closely misses you.
Your gnoll skeleton hits the gnoll but does no damage.
The gnoll completely misses you.
The gnoll is no longer moving quickly.
The gnoll bouda barks out a call to the hunt!
The gnoll picks up the pace!
The gnoll is no longer moving quickly.
The gnoll bouda barks out a call to the hunt!
The gnoll picks up the pace!
The gnoll closely misses you. The gnoll closely misses you.
The gnoll completely misses you.
There is a stone staircase leading up here.
The gnoll hits you from afar with a +0 halberd!
You die...

#............#
#............#........
#............#........
#............#........
#......).....# ...... ########
#............# ..... .......#
#............######o.. .......#
#.................#..) .......#
#....@.g..........#..Z .......#
#......g..........#... .......#
#.................###' .......#
#....................)
.......######...........##...##..
............#...........##...##..
........<...'..........g....g....
............#....................
............#...............g....


You could see a gnoll bouda and 2 gnolls.

Vanquished Creatures
  Sigmund (D:4)
  Eustachio (D:4)
  A black bear (D:5)
  A scorpion (D:4)
  Jessica (D:2)
  An orc wizard (D:3)
  Natasha (thrice) (D:4)
  Robin (D:2)
  10 gnolls
  An adder (D:5)
  2 worms (D:2)
  4 dart slugs
  10 orcs
  3 ball pythons (D:2)
  3 endoplasms
  A giant cockroach (D:1)
  14 goblins
  8 hobgoblins
  2 jackals (D:1)
  4 bats
  3 frilled lizards
  2 kobolds (D:2)
  5 rats
82 creatures vanquished.

Vanquished Creatures (collateral kills)
  A ball python (D:2)
  3 goblins (D:2)
4 creatures vanquished.

Grand Total: 86 creatures vanquished

Notes
Turn   | Place    | Note
-------+----------+-------------------------------------------
     0 | D:1      | randomguy2701 the Deep Elf Necromancer began the quest for
                  | the Orb.
     0 | D:1      | Reached XP level 1. HP: 10/10 MP: 6/6
   316 | D:1      | Reached skill level 5 in Necromancy
   519 | D:1      | Reached XP level 2. HP: 15/15 MP: 5/8
   568 | D:1      | Found Usiexu's Distillery.
   981 | D:2      | Found a runed translucent door.
   982 | D:2      | Noticed Crazy Yiuf
  1066 | D:2      | Reached XP level 3. HP: 19/19 MP: 2/10
  1496 | D:2      | Found a faded altar of an unknown god.
  1646 | D:2      | Noticed Jessica
  1651 | D:2      | Killed Jessica
  1652 | D:2      | Reached XP level 4. HP: 24/24 MP: 6/12
  1809 | D:2      | Noticed Robin
  1855 | D:2      | Killed Robin
  2165 | D:2      | Learned a level 3 spell: Vampiric Draining
  2167 | D:2      | Learned a level 1 spell: Sting
  2265 | D:3      | Reached XP level 5. HP: 25/28 MP: 9/14
  2480 | D:3      | Reached skill level 5 in Spellcasting
  3215 | D:4      | Noticed Sigmund
  3467 | D:4      | Found a staircase to the Ecumenical Temple.
  3484 | Temple   | Entered the Ecumenical Temple
  3499 | Temple   | Became a worshipper of Sif Muna the Loreminder
  3530 | D:4      | Found a runed translucent door.
  3534 | D:4      | Noticed Xavori's ghost (weakling OpCK)
  3541 | D:4      | Noticed Eustachio
  3551 | D:4      | Killed Eustachio
  3552 | D:4      | Reached XP level 6. HP: 24/32 MP: 2/17
  3693 | D:4      | Noticed Natasha
  3696 | D:4      | Killed Natasha
  3738 | D:4      | Killed Sigmund
  3739 | D:4      | Reached skill level 1 in Invocations
  3739 | D:4      | Reached XP level 7. HP: 23/36 MP: 8/19
  3807 | D:4      | Found Vuemopp's Weapon Shop.
  3899 | D:4      | Noticed Natasha
  3902 | D:4      | Killed Natasha
  4050 | D:4      | Found an opulent altar of Gozag.
  4062 | D:4      | Found a hazy altar of Hepliaklqana.
  4104 | D:4      | Noticed Natasha
  4111 | D:4      | Killed Natasha
  4478 | D:5      | Entered Level 5 of the Dungeon
  4822 | D:5      | Slain by a gnoll

Illustrated notes

Levels and vault maps discovered:
D:1:      amcnicky_arrival_underground_garden, layout_basic, serial_shops, shop
D:2:      layout_loops_ring, shapermc_ecumenical_altar_starsandcircs,
          uniq_crazy_yiuf_cottage, uniq_robin, uniq_jessica
D:3:      layout_loops_ring, nicolae_kite_square_tiling_tiny,
          minmay_misc_feat_room
D:4:      layout_loops_ring, amethyst_overflow_temple_binary,
          minmay_temple_entry_large_hall, serial_shops, shop,
          ebering_ghost_sewer_d, uniq_natasha, uniq_sigmund, uniq_eustachio
D:5:      layout_gridville, serial_shops, shop_fountains,
          chequers_serial_rivers_small_a, nicolae_take_the_stairs, uniq_edmund
Temple:   hellmonk_temple_of_storms

Skill      XL: |  1  2  3  4  5  6  7 |
---------------+----------------------+-----
Necromancy     | 5 6 7 8 |  8.1
Spellcasting   | 4 6 7 8 |  8.1
Invocations    | 1 2 |  2.6
Dodging        | |  2.7
Stealth        | |  2.6

Action                     |  1- 3 |  4- 6 |  7- 9 || total
---------------------------+-------+-------+-------++-------
   Cast: Necrotise         |    61 |    92 |    35 ||   188
         Vampiric Draining |       |     6 |     5 ||    11
    Use: Potion            |       |     1 |     1 ||     2
 Armour: Robe              |     1 |     2 |     3 ||     6
  Dodge: Dodged            |     3 |    16 |    30 ||    49

Table legend: (Time is in decaauts)
 A = Elapsed time spent in this place.
 B = Non-inter-level travel time spent in this place.
 C = Inter-level travel time spent in this place.
 D = Time resting spent in this place.
 E = Time spent auto-exploring this place.
 F = Levels seen in this place.
 G = Mean time per level.
                   A        B        C        D        E       F      G
               +--------+--------+--------+--------+--------+-----+--------+
         Total |   4821 |   4470 |    351 |      0 |   3901 |   6 |  803.5 |
       Dungeon |   4789 |   4467 |    322 |      0 |   3901 |   5 |  957.8 |
        Temple |     31 |      2 |     29 |      0 |      0 |   1 |   31.0 |
               +--------+--------+--------+--------+--------+-----+--------+

Top non-repeatable levels by time:
     D:2: 1544 daAuts
     D:4: 1364 daAuts
     D:3: 867 daAuts
     D:1: 861 daAuts
     D:5: 152 daAuts
  Temple: 31 daAuts
